 Seeded DCSS version 0.30-a0-779-g7971cf19c3 (webtiles) character file.

Game seed: 8796237800415217726 (custom seed)

89 BigDaddyOpFi the Sneak (level 4, -4/40 HPs)
             Began as an Octopode Earth Elementalist on Feb 17, 2023.
             Slain by a gnoll
             ... wielding a +0 club
             ... led by a gnoll bouda
              (8 damage)
             ... on level 5 of the Dungeon.
             The game lasted 00:02:31 (1197 turns).

BigDaddyOpFi the Sneak (OpEE)                       Turns: 1197, Time: 00:02:32

Health: -4/40      AC:  1    Str:  7    XL:     4   Next: 55%
Magic:  1/7        EV: 13    Int: 19    God:
Gold:   2130       SH:  0    Dex: 12    Spells: 7/8 levels left

rFire   . . .      SeeInvis .    f - +1 short sword (speed)
rCold   . . .      Faith    .    (no shield)
rNeg    . . .      Spirit   .    (helmet restricted)
rPois   +          Reflect  .    j - amulet of regeneration
rElec   .          Harm     .    e - ring of poison resistance
rCorr   .          Rampage  .    (no ring)
Will    .....                    (no ring) Stlth
                                 (no ring)
HPRegen 1.06/turn                (no ring)
MPRegen 0.10/turn                (no ring)
                                 (no ring)
                                 (no ring)

@: berserking, very quick
A: almost no armour, amphibious, 8 rings, camouflage 1, gelatinous body 1,
(nimble swimmer 1), tentacles
a: no special abilities


You were on level 5 of the Dungeon.
You visited 1 branch of the dungeon, and saw 5 of its levels.

You collected 2130 gold pieces.

Inventory:

Hand Weapons
 f - a +1 short sword of speed (weapon)
Jewellery
 e - a ring of poison resistance (left tentacle)
 j - an amulet of regeneration (around mantle)
Scrolls
 l - a scroll of identify
Potions
 a - 2 potions of magic
 b - a potion of curing {unknown}
 c - a potion of attraction {unknown}
 d - a potion of berserk rage
 h - a potion of mutation {unknown}
 i - a potion of lignification {unknown}
 k - a potion of invisibility {unknown}


   Skills:
 + Level 2.6 Dodging
 + Level 3.7 Stealth
 + Level 2.6 Spellcasting
 + Level 2.0 Transmutations
 + Level 3.5 Earth Magic


You had 7 spell levels left.
You knew the following spells:

 Your Spells              Type           Power      Damage    Failure   Level
a - Sandblast             Erth           30%        2d9       3%          1

Your spell library contained the following spells:

 Spells                   Type           Power      Damage    Failure   Level
 Passwall                 Tmut/Erth      10%        N/A       8%          2
 Stone Arrow              Conj/Erth      18%        3d8       24%         3
 Petrify                  Tmut/Erth      12%        N/A       45%         4


Dungeon Overview and Level Annotations

Branches:
Dungeon (5/15)
 Temple: D:4-7

Altars:

Shops:
D:1 :


Innate Abilities, Weirdness & Mutations

You cannot wear most types of armour.
You are amphibious.
You can wear up to eight rings at the same time.
Your skin changes colour to match your surroundings (Stealth+).
Your rubbery body absorbs attacks. (AC +1, EV +1)
((You are camouflaged when in or above water. (Stealth+)))
You have tentacles for arms and can constrict up to eight enemies at once.


Message History

The gnoll bouda drinks a potion.
The gnoll bouda seems to grow stronger.
Aiming: Sandblast (safe; 3% risk of failure)
Press: ? - help, Q - select action Shift-Dir - straight line, f/p - gnoll bouda
Aim: a gnoll bouda, wielding a +0 club and wearing a +0 robe (moderately wounded, strong, 84% to hit)
The blast of sand hits the gnoll bouda.
The gnoll bouda is severely wounded.
The gnoll bouda prays to its god.
The gnoll bouda is healed somewhat.
A gnoll comes into view. It is wielding a +0 club.
Aiming: Sandblast (safe; 3% risk of failure)
Press: ? - help, Q - select action Shift-Dir - straight line, f/p - gnoll bouda
Aim: a gnoll bouda, wielding a +0 club and wearing a +0 robe (heavily wounded, strong, 84% to hit)
The blast of sand hits the gnoll bouda but does no damage.
The gnoll bouda is heavily wounded.
The gnoll bouda hits you with a +0 club.
The gnoll bouda closely misses you.
Aiming: Sandblast (safe; 3% risk of failure)
Press: ? - help, Q - select action Shift-Dir - straight line, f/p - gnoll bouda
Aim: a gnoll bouda, wielding a +0 club and wearing a +0 robe (heavily wounded, strong, 84% to hit)
The blast of sand hits the gnoll bouda but does no damage.
The gnoll bouda is heavily wounded.
Aiming: Sandblast (safe; 3% risk of failure)
Press: ? - help, Q - select action Shift-Dir - straight line, f/p - gnoll bouda
Aim: a gnoll bouda, wielding a +0 club and wearing a +0 robe (heavily wounded, strong, 84% to hit)
The blast of sand hits the gnoll bouda.
The gnoll bouda is heavily wounded.
The gnoll bouda hits you with a +0 club!
The gnoll hits you with a +0 club.
The gnoll bouda hits you with a +0 club!
* * * LOW HITPOINT WARNING * * *
Aiming: Sandblast (safe; 3% risk of failure)
Press: ? - help, Q - select action Shift-Dir - straight line, f/p - gnoll bouda
Aim: a gnoll bouda, wielding a +0 club and wearing a +0 robe (heavily wounded, strong, 84% to hit)
Okay, then.
Okay, then.
A red film seems to cover your vision as you go berserk!
You feel yourself moving faster!
You feel mighty!
A gnoll comes into view. It is wielding a +0 flail.
The gnoll bouda barely misses you. The gnoll hits you with a +0 club!
You die...

.. .# .#
##. #..
#.# #.#
###.####g#
.......g@#
.##g######


You could see a gnoll bouda (strong) and 2 gnolls.

Vanquished Creatures
  A hound (D:4)
  4 adders
  An orc (D:5)
  3 endoplasms
  2 giant cockroaches (D:4)
  2 hobgoblins
  A quokka (D:4)
  2 ball pythons (D:1)
  2 bats (D:1)
  2 goblins
  2 kobolds
  4 rats (D:1)
26 creatures vanquished.

Notes
Turn   | Place    | Note
-------+----------+-------------------------------------------
     0 | D:1      | BigDaddyOpFi the Octopode Earth Elementalist began the
                  | quest for the Orb.
     0 | D:1      | Reached XP level 1. HP: 11/11 MP: 3/3
    71 | D:1      | Found Veoliky's Book Emporium.
   109 | D:1      | Identified 3 scrolls of acquirement
   109 | D:1      | Acquired 963 gold pieces
   111 | D:1      | Acquired 287 gold pieces
   113 | D:1      | Acquired 751 gold pieces
   347 | D:1      | Reached XP level 2. HP: 17/17 MP: 0/5
   840 | D:3      | Reached XP level 3. HP: 21/21 MP: 6/6
   969 | D:4      | Reached XP level 4. HP: 27/27 MP: 2/7
   992 | D:5      | Entered Level 5 of the Dungeon
  1197 | D:5      | Slain by a gnoll

Illustrated notes

Levels and vault maps discovered:
D:1:      heliophobic_arrival_henge, layout_rooms, serial_shops, shop_statue
D:2:      layout_basic, serial_shops, nicolae_lakefront_shop,
          ebering_ecumenical_altar_ruins
D:3:      layout_basic
D:4:      layout_rooms, kennysheep_generic_room_4
D:5:      layout_loops_corners, serial_shops, nicolae_shop_behind_doors

Skill      XL: |  1  2  3  4 |
---------------+-------------+-----
Stealth        | 3 |  3.7
Transmutations | 2 |  2.0
Dodging        | |  2.6
Spellcasting   | |  2.6
Earth Magic    | |  3.5

Action                     |  1- 3 |  4- 6 || total
---------------------------+-------+-------++-------
  Melee: Unarmed           |     2 |       ||     2
         Constrict         |     3 |     1 ||     4
         Punch             |     1 |       ||     1
         Short sword       |     7 |     2 ||     9
         Tentacles         |     1 |     1 ||     2
   Cast: Sandblast         |    26 |    11 ||    37
    Use: Scroll            |     6 |       ||     6
         Potion            |       |     1 ||     1
   Stab: Sleeping          |     1 |       ||     1
  Dodge: Dodged            |    18 |    13 ||    31

Table legend: (Time is in decaauts)
 A = Elapsed time spent in this place.
 B = Non-inter-level travel time spent in this place.
 C = Inter-level travel time spent in this place.
 D = Time resting spent in this place.
 E = Time spent auto-exploring this place.
 F = Levels seen in this place.
 G = Mean time per level.
                   A        B        C        D        E       F      G
               +--------+--------+--------+--------+--------+-----+--------+
         Total |   1211 |   1182 |     29 |    330 |    538 |   5 |  242.2 |
       Dungeon |   1211 |   1182 |     29 |    330 |    538 |   5 |  242.2 |
               +--------+--------+--------+--------+--------+-----+--------+

Top non-repeatable levels by time:
     D:1: 793 daAuts
     D:5: 206 daAuts
     D:4: 132 daAuts
     D:2: 50 daAuts
     D:3: 29 daAuts
